 Dungeon Crawl Stone Soup version 0.30-a0-557-ge2afbf3030 (webtiles) character file.

Game seed: 18354002288139679911

381 bmack86 the Chopper (level 6, -3/56 HPs)
             Began as a Minotaur Fighter on Dec 28, 2022.
             Was an Initiate of Okawaru.
             Slain by a river rat (7 damage)
             ... in a sewer.
             The game lasted 00:08:13 (2478 turns).

bmack86 the Chopper (Minotaur Fighter)              Turns: 2478, Time: 00:08:14

Health: -3/56      AC: 12    Str: 22    XL:     6   Next: 46%
Magic:  5/5        EV:  6    Int:  5    God:    Okawaru [......]
Gold:   188        SH:  5    Dex: 10    Spells: 5/5 levels left

rFire   . . .      SeeInvis .    a - +0 war axe
rCold   . . .      Faith    .    c - +0 buckler
rNeg    . . .      Spirit   .    e - +0 plate armour
rPois   .          Reflect  .    (helmet restricted)
rElec   .          Harm     .    (no cloak)
rCorr   +          Rampage  .    (no gloves)
Will    .....                    (no boots) Stlth
                                 (no amulet)
HPRegen 0.29/turn                g - ring of resist corrosion
MPRegen 0.09/turn                (no ring)

@: no status effects
A: horns 2, retaliatory headbutt
a: Renounce Religion


You were in a sewer.
You worshipped Okawaru.
Okawaru was noncommittal.
You visited 2 branches of the dungeon, and saw 5 of its levels.
You also visited: Sewer.

You collected 188 gold pieces.

Inventory:

Hand Weapons
 a - a +0 war axe (weapon)
Missiles
 i - 8 poisoned darts (quivered)
Armour
 b - a +0 scale mail
 c - a +0 buckler (worn)
 e - a +0 plate armour (worn)
Jewellery
 g - a ring of resist corrosion (left hand)
 r - a ring of wizardry
Wands
 t - a wand of flame (25)
Scrolls
 h - a scroll of identify
 j - 2 scrolls of teleportation
 l - a scroll of blinking
 m - a scroll of vulnerability
 o - a scroll of poison
 p - a scroll of fog {unknown}
 s - a scroll of magic mapping {unknown}
Potions
 d - 3 potions of might
 f - 6 potions of attraction
 k - 2 potions of curing
 n - a potion of lignification
 q - a potion of mutation


   Skills:
 + Level 5.1 Fighting
 * Level 5.5 Axes
 + Level 5.1 Armour
 + Level 5.1 Shields


You had 5 spell levels left.
You didn't know any spells.
Your spell library contained the following spells:

 Spells                   Type           Power      Damage    Failure   Level
 Beastly Appendage        Tmut           0%         N/A       100%        1
 Blink                    Tloc           0%         N/A       100%        2
 Static Discharge         Conj/Air       0%         2-2/arc   100%        2
 Wereblood                Tmut           0%         N/A       100%        2
 Spider Form              Tmut/Pois      0%         N/A       100%        3
 Vhi's Electric Charge    Tloc/Air       0%         N/A       100%        3
 Manifold Assault         Tloc           0%         N/A       100%        4
 Arcjolt                  Conj/Air       0%         1d10      100%        5
 Lightning Bolt           Conj/Air       0%         1d11      100%        5
 Storm Form               Tmut/Air       0%         N/A       100%        7


Dungeon Overview and Level Annotations

Branches:
Dungeon (4/15)             Temple (1/1) D:4           Sewer (1/1)

Altars:
Fedhas
Gozag
Makhleb
Okawaru
Ru
Trog
Xom
The Shining One

Annotations:
D:4 Natasha


Innate Abilities, Weirdness & Mutations

You have a pair of horns on your head.
You reflexively headbutt those who attack you in melee.


Message History

Natasha zaps a wand.
You hear a grinding noise.
You see here a giant cockroach corpse.
Your unstable footing causes you to fumble your attack.
The giant cockroach bites you but does no damage.
You slash the giant cockroach!
You kill the giant cockroach!
Okawaru accepts your kill. Natasha casts a spell at you.
The magic dart hits you!
* * * LOW HITPOINT WARNING * * *
Your unstable footing causes you to fumble your attack.
The quokka bites you but does no damage.
Natasha zaps a wand.
You hear a grinding noise.
The giant cockroach bites you but does no damage.
You slash the quokka!
You kill the quokka!
Okawaru accepts your kill.
You slash the giant cockroach!
You kill the giant cockroach!
Okawaru accepts your kill.
You hear a zap.
Some rock shatters into small pieces.
Things that are here:
a quokka corpse; a giant cockroach corpse
There is a glowing drain here.
Natasha casts a spell at you.
The magic dart hits you but does no damage.
The world spins around you as you enter the gateway.
You enter a sewer!
Found a gate leading back out of this place.
There is an empty arch of ancient stone here.
Okay, then.
There are monsters nearby!
The river rat closely misses you.
You closely miss the river rat.
The river rat bites you but does no damage.
You closely miss the river rat. The river rat bites you!
You die... ################# ~~~..rr@.∩∩r.r... #################

You could see a river rat and 3 rats.

Vanquished Creatures
  A scorpion (D:4)
  A hound (D:4)
  Natasha (D:4)
  3 iguanas (D:4)
  3 gnolls (D:2)
  9 adders
  2 dart slugs
  3 orcs
  7 ball pythons
  4 bats
  6 endoplasms
  6 giant cockroaches
  5 hobgoblins
  3 jackals (D:1)
  8 quokkas
  2 frilled lizards (D:3)
  5 goblins
  6 kobolds
  5 rats
80 creatures vanquished.

Notes
Turn   | Place    | Note
-------+----------+-------------------------------------------
     0 | D:1      | bmack86 the Minotaur Fighter began the quest for the Orb.
     0 | D:1      | Reached XP level 1. HP: 19/19 MP: 0/0
   229 | D:1      | Reached XP level 2. HP: 23/27 MP: 1/1
  1105 | D:2      | Reached XP level 3. HP: 22/33 MP: 2/2
  1302 | D:2      | Reached XP level 4. HP: 40/40 MP: 3/3
  1416 | D:2      | Found a bloodstained altar of Trog.
  1695 | D:3      | Found a sacrificial altar of Ru.
  1868 | D:3      | Reached XP level 5. HP: 47/47 MP: 4/4
  2275 | D:4      | Found a staircase to the Ecumenical Temple.
  2297 | Temple   | Entered the Ecumenical Temple
  2371 | Temple   | Became a worshipper of Warmaster Okawaru
  2415 | D:4      | Reached skill level 5 in Axes
  2415 | D:4      | Reached skill level 5 in Shields
  2415 | D:4      | Reached XP level 6. HP: 45/55 MP: 5/5
  2446 | D:4      | Noticed Natasha
  2454 | D:4      | Reached skill level 5 in Fighting
  2454 | D:4      | Reached skill level 5 in Armour
  2454 | D:4      | Found a glowing drain.
  2459 | D:4      | Killed Natasha
  2465 | D:4      | Noticed Natasha
  2468 | D:4      | HP: 1/56 [Natasha/magic dart (8)]
  2474 | Sewer    | Entered a sewer
  2478 | Sewer    | Slain by a river rat

Illustrated notes

Levels and vault maps discovered:
D:1:      matt_arrival_diagonals, layout_basic
D:2:      layout_basic, basic_altar
D:3:      minmay_chambers_of_twos, layout_rooms,
          mainiacjoe_overflow_cross_hatched
D:4:      layout_cave_pods, trog_book, minmay_temple_entry_grid,
          portal_sewer_entry_f, minmay_misc_feat_diagonals, minmay_crystal_room,
          uniq_natasha, uniq_blork_the_orc, uniq_sigmund
Temple:   jpeg_temple_clearing
Sewer:    sewer_kobolds

Skill      XL: |  1  2  3  4  5  6 |
---------------+-------------------+-----
Axes           | 3 4 5 |  5.5
Shields        | 4 5 |  5.1
Armour         | 4 5 |  5.1
Fighting       | 4 5 |  5.1

Action                   |  1- 3 |  4- 6 || total
-------------------------+-------+-------++-------
Melee: War axe           |    51 |   121 ||   172
       Headbutt          |     9 |     8 ||    17
  Use: Scroll            |     3 |     5 ||     8
Armor: Plate armour      |    47 |    96 ||   143
Dodge: Dodged            |    23 |    40 ||    63
Block: Buckler           |    12 |    35 ||    47

Table legend: (Time is in decaauts)
 A = Elapsed time spent in this place.
 B = Non-inter-level travel time spent in this place.
 C = Inter-level travel time spent in this place.
 D = Time resting spent in this place.
 E = Time spent auto-exploring this place.
 F = Levels seen in this place.
 G = Mean time per level.
                   A        B        C        D        E       F      G
               +--------+--------+--------+--------+--------+-----+--------+
         Total |   2537 |   2508 |     29 |     93 |   1225 |   6 |  422.8 |
       Dungeon |   2440 |   2411 |     29 |     93 |   1173 |   4 |  610.0 |
        Temple |     92 |     92 |      0 |      0 |     52 |   1 |   92.0 |
         Sewer |      4 |      4 |      0 |      0 |      0 |   1 |    4.0 |
               +--------+--------+--------+--------+--------+-----+--------+

Top non-repeatable levels by time:
     D:1: 988 daAuts
     D:3: 699 daAuts
     D:2: 634 daAuts
     D:4: 118 daAuts
  Temple: 92 daAuts
   Sewer: 4 daAuts
